 Dungeon Crawl Stone Soup version 0.21-a0-286-g6fcecc0 (webtiles) character file.

101 tidbits the Grave Robber (level 4, 32/33 HPs)
             Began as a Draconian Necromancer on Sept 25, 2017.
             Quit the game in an ossuary.
             The game lasted 00:06:07 (828 turns).

tidbits the Grave Robber (Draconian Necromancer)     Turns: 828, Time: 00:06:08

Health: 32/33      AC:  5    Str: 10    XL:     4   Next: 48%
Magic:  6/8        EV: 12    Int: 16    God:
Gold:   24         SH:  0    Dex: 12    Spells: 0/8 levels left

rFire    . . .     SeeInvis .   j - +0 short sword
rCold    . . .     Gourm    .   (no shield)
rNeg     . . .     Faith    .   (armour unavailable)
rPois    .         Spirit   .   (helmet restricted)
rElec    .         Reflect  .   (no cloak)
rCorr    .         Harm     .   (no gloves)
MR       .....                  (no boots)
Stlth    ++........             (no amulet)
HPRegen  0.11/turn              (no ring)
MPRegen  0.11/turn              (no ring)

@: no status effects
A: unfitting armour, cold-blooded, AC +5
a: no special abilities


You were in an ossuary.
You were not hungry.

You visited 1 branch of the dungeon, and saw 4 of its levels.
You also visited: Ossuary.

You collected 24 gold pieces.

Inventory:

Hand Weapons
 e - a +0 club
 j - a +0 short sword (weapon)
Scrolls
 f - a scroll of remove curse
 h - a scroll of magic mapping {unknown}
 i - a scroll of enchant armour {unknown}
 l - 2 scrolls of identify {unknown}
Potions
 c - a potion of curing
 k - a potion of brilliance {unknown}
Books
 a - a book of Necromancy

   Spells                             Type                      Level
   a - Pain                           Necromancy                   1
   b - Animate Skeleton               Necromancy                   1
   c - Vampiric Draining              Necromancy                   3
   d - Regeneration                   Charms/Necromancy            3
   e - Animate Dead                   Necromancy                   4
   f - Control Undead                 Necromancy                   4
 m - a Grand Grimoire
   (You found it on level 4 of the Dungeon)

   Spells                             Type                      Level
   a - Monstrous Menagerie            Summoning                    7
   b - Summon Greater Demon           Summoning                    7
   c - Malign Gateway                 Summoning/Translocation      7
   d - Summon Horrible Things         Summoning                    8
Comestibles
 b - a bread ration
 d - a meat ration
 g - a fruit
 n - 4 chunks of flesh


   Skills:
 - Level 1.7 Dodging
 - Level 1.7 Stealth
 + Level 2.9 Spellcasting
 * Level 5.4 Necromancy


You couldn't memorise any spells.
You knew the following spells:

 Your Spells              Type           Power        Failure   Level  Hunger
a - Pain                  Necr           ###.         1%          1    #......
n - Animate Skeleton      Necr           N/A          1%          1    #......
r - Regeneration          Chrm/Necr      ##........   19%         3    ###....
v - Vampiric Draining     Necr           ###.......   6%          3    ###....


Dungeon Overview and Level Annotations

Branches:
Dungeon (4/15)
 Temple: D:4-7

Altars:
Ashenzari
Gozag

Shops:
D:2 *   D:4 [

Annotations:
D:3 Ijyb


Innate Abilities, Weirdness & Mutations

Your plain brown scales are hard. (AC +5)
You cannot fit into any form of body armour.
You are cold-blooded and may be slowed by cold attacks.


Message History

* * * LOW HITPOINT WARNING * * *
Your adder skeleton bites the worker ant.
You hit the worker ant but do no damage.
The worker ant is almost dead.
The worker ant bites you.
* * * LOW HITPOINT WARNING * * *
Your adder skeleton barely misses the worker ant.
The worker ant bites you but does no damage.
You closely miss the worker ant.
The worker ant is almost dead.
Your adder skeleton bites the worker ant.
The worker ant bites your adder skeleton.
You hit the worker ant.
You kill the worker ant!
You see here a worker ant corpse.
You butcher the worker ant corpse.
n - 4 chunks of flesh (gained 3)
Your magical contamination has completely faded away.
There is an open door here.
Found a sand-covered staircase.
A quokka comes into view.
Casting: Pain
Confirm with . or Enter, or press ? or * to list all spells.
Aiming: Pain
Press: ? - help, Shift-Dir - straight line, f - quokka
Aim: a quokka (chance to defeat MR: 89%)
The quokka writhes in agony!
You kill the quokka!
Found 3 tomahawks.
There is a sand-covered staircase here.
The world spins around you as you enter the gateway.
You enter an ossuary!
Found a gate leading back out of this place.
There is an empty arch of ancient stone here.
Wield which item (- for none, * to show all)? (? for menu, Esc to quit)
a - a book of Necromancy (in hand)
You swing at nothing.
You swing at nothing.
You swing at nothing.
You swing at nothing.
An orc zombie comes into view.
Okay, then.
Casting: Pain
Confirm with . or Enter, or press ? or * to list all spells.
Your skin crawls.
A hobgoblin zombie comes into view.
Your skin is crawling a little less now.
Really attack while wielding your book of Necromancy? [Y]es or [N]o only, please.
Really attack while wielding your book of Necromancy?
Okay, then.
Wield which item (- for none, * to show all)? (? for menu, Esc to quit)
You are now empty-handed.
Unknown command.
Wield which item (- for none, * to show all)? (? for menu, Esc to quit)
j - a +0 short sword (weapon)
The orc zombie hits you but does no damage.
You hit the orc zombie.
The orc zombie is moderately damaged.
The orc zombie hits you but does no damage.
You hit the orc zombie. You tail-slap the orc zombie.
You destroy the orc zombie!
An orc zombie comes into view.
Your skin stops crawling.
There is an empty arch of ancient stone here.
Wield which item (- for none, * to show all)? (? for menu, Esc to quit)
a - a book of Necromancy (in hand)
You swing at nothing.
You swing at nothing.
You swing at nothing.
You swing at nothing.
You swing at nothing.
You swing at nothing.
You swing at nothing.
You swing at nothing.
You swing at nothing.
You swing at nothing.
You swing at nothing.
You can't rest with a hostile monster in view!
Unknown command.
Really attack while wielding your book of Necromancy?
Okay, then.
Wield which item (- for none, * to show all)? (? for menu, Esc to quit)
j - a +0 short sword (weapon)
You hit the hobgoblin zombie.
The hobgoblin zombie is lightly damaged.
The hobgoblin zombie hits you but does no damage.
You hit the hobgoblin zombie.
The hobgoblin zombie is almost destroyed.
The hobgoblin zombie hits you but does no damage.
You barely miss the hobgoblin zombie.
The hobgoblin zombie is almost destroyed.
The hobgoblin zombie closely misses you.
You hit the hobgoblin zombie.
You destroy the hobgoblin zombie!
A hobgoblin zombie comes into view. 2 mummies and a zombie come into view.
A hobgoblin zombie comes into view. 2 mummies come into view.
Are you sure you want to abandon this character and quit the game? (Confirm with "yes".)

....MMZ....
..Z.......
..M.M...Z.
.......#
....Z.#
#....#
#....#
#@...#
#....#
#....#
#....#
#....#
#....#
#.∩∩.#
######


You could see 4 mummies, 3 hobgoblin zombies and an orc zombie (wandering).

Vanquished Creatures
  A worker ant (D:4)
  A worker ant zombie (D:4)
  2 adders (D:4)
  3 giant cockroaches
  A goblin (D:1)
  2 hobgoblins (D:2)
  A quokka (D:4)
  A frilled lizard (D:4)
  A hobgoblin zombie (Ossuary)
  2 kobolds (D:2)
  An orc zombie (Ossuary)
  3 rats (D:2)
19 creatures vanquished.

Vanquished Creatures (collateral kills)
  A howler monkey (D:4)
1 creature vanquished.

Grand Total: 20 creatures vanquished

Notes
Turn   | Place    | Note
-------+----------+-------------------------------------------
     0 | D:1      | tidbits the Draconian Necromancer began the quest for the Orb.
     0 | D:1      | Reached XP level 1. HP: 14/14 MP: 3/3
   217 | D:2      | Found an opulent altar of Gozag.
   222 | D:2      | Found Gozag's Platinum Reserve.
   388 | D:3      | Found a shattered altar of Ashenzari.
   389 | D:3      | Noticed Ijyb
   447 | D:2      | Reached XP level 2. HP: 17/20 MP: 0/5
   450 | D:2      | Learned a level 1 spell: Animate Skeleton
   588 | D:4      | Reached XP level 3. HP: 20/26 MP: 1/6
   602 | D:4      | Learned a level 3 spell: Vampiric Draining
   647 | D:4      | Found Xiesu's Armour Shoppe.
   718 | D:4      | Reached skill level 5 in Necromancy
   718 | D:4      | Reached XP level 4. HP: 29/33 MP: 3/8
   723 | D:4      | Learned a level 3 spell: Regeneration
   769 | D:4      | Found a sand-covered staircase.
   779 | Ossuary  | Entered an ossuary
   828 | Ossuary  | Quit the game

Vault maps used:
D:1:      evilmike_arrival_hilbert_curve
D:2:      nicolae_gozag_zags_fifth_avenue
D:3:      minmay_tree_intersection, ashenzari_altar_1, uniq_natasha, uniq_ijyb
D:4:      nicolae_ossuary_entry_monument, serial_shops, nicolae_shop_stone
Ossuary:  ossuary_tomb_3

Skill      XL: |  1  2  3 |
---------------+----------+-----
Necromancy     | 5 |  5.4
Dodging        | |  1.7
Stealth        | |  1.7
Spellcasting   | |  2.9

Action                   |  1- 3 |  4- 6 || total
-------------------------+-------+-------++-------
Melee: Unarmed           |     9 |       ||     9
       Tailslap          |     2 |     2 ||     4
       Short sword       |    15 |    14 ||    29
 Cast: Pain              |    33 |     3 ||    36
       Animate Skeleton  |     1 |       ||     1
       Regeneration      |       |     2 ||     2
  Use: Potion            |     2 |       ||     2
       Scroll            |     1 |       ||     1
 Stab: Distracted        |     1 |       ||     1
  Eat: Chunk             |       |     1 ||     1
Armor: Skin              |     9 |     7 ||    16
Dodge: Dodged            |    17 |     5 ||    22

Table legend:
 A = Spawn XP
 B = Non-spawn XP
 C = Spawn XP percentage of total XP
 D = Spawn monster count
 E = Non-spawn monster count
 F = Spawn count percentage of total count
 G = Total turns spent on level
                    A         B        C        D         E        F      G
               +---------+---------+-------+---------+---------+-------+---------
         Total |       0 |     145 |   0.0 |       0 |      20 |   0.0 |   828
               +---------+---------+-------+---------+---------+-------+---------
           D:1 |       0 |       6 |   0.0 |       0 |       3 |   0.0 |   175
           D:2 |       0 |       9 |   0.0 |       0 |       7 |   0.0 |   324
           D:4 |       0 |     128 |   0.0 |       0 |       8 |   0.0 |   240
       Ossuary |       0 |       2 |   0.0 |       0 |       2 |   0.0 |    49
               +---------+---------+-------+---------+---------+-------+---------

Table legend:
 A = Turns spent in this place as a percentage of turns spent in the entire game.
 B = Non-inter-level travel turns spent in this place as a percentage of non-inter-level travel turns spent in the entire game.
 C = Inter-level travel turns spent in this place as a percentage of turns spent in this place.
 D = Turns resting spent in this place as a percentage of non-inter-level travel turns spent in this place.
 E = Turns spent auto-exploring this place as a percentage of non-inter-level travel turns spent in this place.
 F = Non-inter-level travel turns spent in this place divided by the number of levels of this place that you've seen.
                   A       B       C       D       E      F
               +-------+-------+-------+-------+-------+----------------------
         Total | 100.0 | 100.0 |   0.0 |   1.2 |   0.0 | 165.6
       Dungeon |  94.1 |  94.1 |   0.0 |   1.3 |   0.0 | 194.8
       Ossuary |   5.9 |   5.9 |   0.0 |   0.0 |   0.0 |  49.0
               +-------+-------+-------+-------+-------+----------------------

Table legend:
 A = Kills in this place as a percentage of kills in entire the game.
 B = Kills by you in this place as a percentage of kills by you in the entire game.
 C = Kills by friends in this place as a percentage of kills by friends in the entire game.
 D = Other kills in this place as a percentage of other kills in the entire game.
 E = Experience gained in this place as a percentage of experience gained in the entire game.
 F = Experience gained in this place divided by the number of levels of this place that you have seen.
                   A       B       C       D       E      F
               +-------+-------+-------+-------+-------+----------------------
         Total | 100.0 | 100.0 | 100.0 |   N/A | 100.0 |  29.0
       Dungeon |  90.0 |  89.5 | 100.0 |   N/A |  98.6 |  35.8
       Ossuary |  10.0 |  10.5 |   0.0 |   N/A |   1.4 |   2.0
               +-------+-------+-------+-------+-------+----------------------

Vault maps used:
D:1:      evilmike_arrival_hilbert_curve
D:2:      nicolae_gozag_zags_fifth_avenue
D:3:      minmay_tree_intersection, ashenzari_altar_1, uniq_natasha, uniq_ijyb
D:4:      nicolae_ossuary_entry_monument, serial_shops, nicolae_shop_stone
Ossuary:  ossuary_tomb_3
